Map: Dragon Scales LE

Players

MattBarry - Winner!

  • Race: Zerg Zerg
  • League: Gold
  • Spawn Location: 5:00

CNBB

  • Race: Zerg Zerg
  • Spawn Location: 11:00

VOD

Have the link to the VOD?

Description

Time

  • Played on: Jan. 31, 2023, 9:39 a.m.
  • Length: 16:06
Show
View Real Time Build Order
Export as new Build Order

MattBarry Zerg - Winner!

Build Orders: Pool First 

Get SALT Encoding   

  12  0:00  Drone  
  13  0:08  Drone  
  13  0:13  Extractor  
  13  0:15  Drone  
  14  0:23  Drone, Extractor  
  15  0:38  Spawning Pool  
  14  0:44  Overlord  
  14  0:49  Extractor  
  13  0:51  Drone  
  15  1:04  Drone x2  
  17  1:26  Queen  
  17  1:28  Zergling x4, Metabolic Boost  
  17  1:32  Zergling x2  
  22  2:08  Hatchery  
  22  2:11  Drone  
  22  2:12  Overlord  
  22  2:16  Overlord  
  22  2:22  Extractor  
  21  2:23  Zergling x2  
  22  2:38  Zergling x8  
  26  2:47  Drone  
  26  2:49  Queen  
  27  3:07  Roach Warren  
  27  3:08  Zergling x4  
  27  3:17  Spine Crawler  
  27  3:19  Zergling x6  
  29  3:23  Queen  
  31  3:59  Roach x4  
  31  4:00  Roach x2  
  43  4:09  Drone  
  44  4:13  Overlord  
  36  4:26  Roach x2  
  39  4:37  Drone  
  35  4:40  Drone  
  36  4:48  Drone  
  37  4:56  Evolution Chamber  
  36  5:12  Evolution Chamber  
  36  5:13  Drone  
  36  5:14  Drone x2  
  38  5:16  Ravager  
  38  5:20  Drone  
  40  5:25  Drone  
  41  5:29  Drone  
  41  5:33  Drone  
  43  5:42  Drone x3  
  46  5:48  Drone x2  
  48  5:56  Drone  
  48  5:57  Drone x2  
  48  6:11  Roach x2  
  48  6:14  Overlord x2  
  50  6:27  Zergling x12  
  50  6:33  Drone x3  
  53  6:40  Drone x2  
  55  6:49  Roach x2  
  53  7:23  Zergling x10  
  58  7:35  Drone x3  
  58  7:36  Drone x5  
  66  7:41  Lair  
  66  7:48  Hatchery  
  65  7:56  Zergling x2, Extractor  
  65  8:21  Drone x3  
  65  8:24  Overlord x3  
  65  8:25  Extractor  
  65  8:27  Extractor  
  56  8:52  Zerg Ground Armor Level 1  
  56  8:54  Glial Reconstitution  
  56  9:01  Roach x3  
  60  9:03  Zergling x14  
  60  9:04  Zergling x4  
  65  9:12  Roach x2  
  69  9:22  Roach x2  
  64  9:31  Queen x2  
  64  9:33  Queen  
  64  9:34  Roach x3  
  64  9:36  Zergling x6  
  64  9:37  Zergling x4  
  75  9:50  Roach x3  
  75  9:51  Zergling x4  
  81  9:58  Roach x2  
  81  9:59  Zergling x8  
  83  10:14  Roach x4  
  90  10:23  Drone  
  90  10:24  Roach x2  
  90  10:25  Zergling x4  
  90  10:28  Overlord x4  
  97  10:32  Extractor  
  95  10:42  Roach x2  
  94  10:51  Evolution Chamber  
  94  10:55  Zerg Missile Weapons Level 1  
  93  11:04  Hydralisk Den  
  92  11:21  Zergling x12  
  92  11:24  Hatchery  
  97  11:32  Queen  
  97  11:39  Burrow  
  99  11:42  Tunneling Claws  
  99  11:45  Roach x6  
  99  11:46  Roach x3  
  117  11:49  Zerg Melee Weapons Level 1  
  117  12:03  Pneumatized Carapace  
  117  12:04  Hydralisk x2  
  117  12:07  Roach, Zergling x6  
  117  12:08  Zergling x4  
  124  12:18  Hydralisk x2  
  127  12:27  Ravager  
  128  12:36  Muscular Augments  
  128  12:39  Hydralisk  
  128  12:41  Hydralisk  
  132  12:45  Drone x2  
  132  12:46  Drone x2  
  136  12:55  Overlord  
  136  13:03  Queen  
  135  13:06  Extractor  
  135  13:08  Extractor  
  127  13:13  Hydralisk x3  
  131  13:21  Hydralisk x2  
  134  13:31  Drone x5  
  137  13:42  Hydralisk x2  
  139  13:52  Spore Crawler  
  139  13:54  Spore Crawler  
  137  13:57  Spore Crawler  
  137  13:58  Spore Crawler  
  137  14:01  Spore Crawler  
  134  14:03  Drone x2  
  134  14:04  Drone  
  134  14:05  Spore Crawler  
  136  14:14  Grooved Spines  
  136  14:25  Ravager  
  136  14:29  Overlord  
  136  14:30  Overlord x2  
  137  14:50  Hydralisk x10  
  137  14:53  Hydralisk x2  
  137  14:54  Hydralisk x5  
  137  14:55  Roach x27  
  137  14:59  Overlord  
  151  15:00  Overlord  
  151  15:20  Roach x13  
  125  15:33  Hydralisk x4  
  125  15:34  Hydralisk x5  
Show
View Real Time Build Order
Export as new Build Order

CNBB Zerg 

Build Orders: 1 Base Baneling Bust, Pool First, Zergling Baneling 

Get SALT Encoding   

  12  0:02  Drone  
  13  0:09  Drone  
  13  0:13  Extractor  
  13  0:16  Drone  
  14  0:36  Spawning Pool  
  14  0:37  Drone  
  14  0:49  Overlord  
  14  1:09  Drone x3  
  17  1:20  Drone  
  17  1:22  Queen  
  20  1:32  Metabolic Boost  
  20  1:36  Drone  
  21  1:43  Overlord  
  21  1:53  Zergling x2  
  22  2:09  Drone  
  23  2:15  Zergling x2  
  24  2:29  Zergling x2  
  25  2:33  Zergling x6  
  27  2:44  Zergling x2  
  28  3:02  Zergling x4  
  30  3:06  Overlord x2  
  30  3:16  Baneling Nest  
  30  3:18  Zergling x2  
  30  3:31  Zergling x4  
  30  3:32  Hatchery  
  31  3:45  Zergling x2  
  32  3:50  Overlord  
  32  4:01  Baneling x2  
  32  4:02  Baneling x6  
  32  4:03  Zergling x2  
  32  4:04  Zergling x4  
  29  4:38  Roach Warren  
  22  4:57  Queen  
  24  5:07  Overlord  
  24  5:14  Extractor  
  23  5:18  Roach x4  
  23  5:20  Drone  
  23  5:21  Drone x3  
  35  5:24  Extractor x2  
  33  5:49  Drone x4  
  37  5:58  Spine Crawler  
  35  6:04  Roach  
  35  6:05  Roach x2  
  32  6:35  Lair  
  32  6:36  Drone  
  32  6:38  Drone  
  32  6:39  Drone x5  
  39  6:51  Drone x2  
  41  7:09  Roach x2  
  41  7:10  Roach  
  41  7:22  Zergling x8  
  41  7:45  Roach  
  41  7:46  Roach x5  
  54  8:05  Roach  
  54  8:06  Roach x3  
  60  8:20  Spine Crawler  
  59  8:27  Drone  
  59  8:33  Spine Crawler  
  59  8:54  Drone  
  60  8:56  Overlord x2  
  60  9:09  Overlord x2  
  60  9:31  Roach x4  
  59  9:32  Roach x4  
  67  9:54  Roach  
  67  9:56  Overlord x2  
  65  10:28  Drone x5  
  68  10:29  Drone  
  63  11:09  Spire  
  62  11:11  Drone  
  62  11:12  Drone x8  
  71  11:43  Extractor  
  71  11:44  Hatchery  
  69  11:47  Extractor  
  68  11:59  Queen  
  71  12:24  Mutalisk  
  71  12:25  Mutalisk x8  
  89  12:46  Spine Crawler  
  88  12:52  Mutalisk x3  
  82  13:09  Mutalisk  
  82  13:10  Mutalisk, Roach  
  64  13:46  Hatchery  
  57  13:49  Mutalisk x3  
  57  13:50  Mutalisk  
  65  13:59  Mutalisk  
  65  14:00  Drone x6  
  73  14:10  Drone  
  74  14:22  Drone x2  
  76  14:45  Roach x7  
  90  14:57  Overseer x2  
  90  15:11  Mutalisk  
  90  15:12  Mutalisk x4  
  100  15:15  Spore Crawler  
  100  15:16  Spore Crawler  
  94  15:21  Mutalisk  
Tags
 
Add a new tag
Caveats
  • Supply blocks, unpowered buildings, or Contaminate may cause inaccurate times.
  • Supply counts are checked every 10 seconds.